[Event "Team 45 45 League T90"]
[Site "Internet Chess Club"]
[Date "2021.10.22"]
[Round "3"]
[White "hipopotamos"]
[Black "Sloggi"]
[Result "1/2-1/2"]
[WhiteElo "1719"]
[BlackElo "1936"]
[Opening "Caro-Kann: exchange variation"]
[ECO "B13"]
[Time "22:01:09"]
[PlyCount "89"]
[TimeControl "2700+45"]

1. e4 c6 2. d4 d5 3. exd5 cxd5 4. Nc3 Nf6 5. Bb5+ Nc6 6. Nf3 a6 7. Ba4 b5 8. Bb3
Bg4 9. Be3 e6 10. a3 Be7 11. O-O O-O 12. Qe2 Ne4 13. h3 Nxc3 14. bxc3 Bh5 15. a4
b4 16. c4 Na5 17. g4 Bg6 18. Ne5 Bf6 19. Nxg6 hxg6 20. Ba2 dxc4 21. Bxc4 Nxc4
22. Qxc4 Qd6 23. Rad1 Rfc8 24. Qb3 Rc3 25. Qb2 Rac8 26. Rd2 a5 27. Qa2 Ra3 28.
Qb2 Rcc3 29. Ra1 Rxa1+ 30. Qxa1 Qd5 31. Kh2 Bd8 32. Bf4 g5 33. Bg3 Bf6 34. Qd1
g6 35. Kg1 Rc4 36. Qe2 Rxd4 37. Rxd4 Bxd4 38. Bc7 Qc5 39. Bd8 Kg7 40. Qd2 f6 41.
Bxa5 Bxf2+ 42. Kg2 Qxa5 43. Qd7+ Kh6 44. Qe8 Qd5+ 45. Kxf2 {Game drawn by mutual
agreement} 1/2-1/2

[Event "Team 45 45 League T90"]
[Site "Internet Chess Club"]
[Date "2021.10.21"]
[Round "3"]
[White "DeepPoo"]
[Black "qs16"]
[Result "1-0"]
[WhiteElo "1627"]
[BlackElo "1623"]
[Opening "Trompowsky attack (Ruth, Opocenský opening)"]
[ECO "A45"]
[Time "15:09:22"]
[PlyCount "71"]
[TimeControl "2700+45"]

1. d4 Nf6 2. Bg5 e6 3. e4 Be7 4. e5 Nd5 5. Bxe7 Qxe7 6. c4 Nb6 7. a3 d6 8. Nf3
Bd7 9. b4 dxe5 10. dxe5 Ba4 11. Qd2 Bd7 12. Nc3 O-O 13. Bd3 h6 14. h4 a6 15. h5
c5 16. Ne4 cxb4 17. axb4 Bc6 18. Qc3 Bxe4 19. Bxe4 Nc6 20. Rb1 Rad8 21. Bxc6
bxc6 22. Ra1 Ra8 23. O-O Rfd8 24. Ra3 c5 25. bxc5 Qxc5 26. Rfa1 Qxc4 27. Qxc4
Nxc4 28. Rxa6 Rab8 29. Rc1 Nd2 30. Nxd2 Rxd2 31. Rc3 Re2 32. f4 Rb4 33. Ra8+ Kh7
34. Rcc8 Re1+ 35. Kh2 Rxe5 36. Rh8# {Black checkmated} 1-0

[Event "Team 45 45 League T90"]
[Site "Internet Chess Club"]
[Date "2021.10.24"]
[Round "3"]
[White "nidusin2"]
[Black "ILRE"]
[Result "0-1"]
[WhiteElo "1606"]
[BlackElo "1612"]
[Opening "French defense"]
[ECO "C00"]
[Time "08:01:01"]
[PlyCount "130"]
[TimeControl "2700+45"]

1. e4 e6 2. Nc3 d5 3. exd5 exd5 4. d4 Nf6 5. Nf3 Be7 6. Bd3 h6 7. h3 Be6 8. Bf4
O-O 9. O-O c5 10. dxc5 Bxc5 11. Ne2 Nc6 12. c3 Re8 13. Qc2 Qb6 14. b4 Bf8 15.
Ned4 Ne4 16. a4 Rac8 17. Qb2 Nxd4 18. Nxd4 Nxc3 19. Nb5 Nxb5 20. Bxb5 Red8 21.
Rab1 Bf5 22. Rbd1 a6 23. Be2 Qxb4 24. Qe5 Qe4 25. Bf3 Qxe5 26. Bxe5 Be6 27. Rb1
Rd7 28. Bd4 Rc4 29. Rfd1 Rxa4 30. Rb6 Rc4 31. Be2 Rb4 32. Rxb4 Bxb4 33. Rb1 a5
34. Bb5 Rc7 35. Be5 Rc5 36. Ba4 Rc4 37. Bb3 Re4 38. Ba1 b6 39. Kf1 Bc5 40. Bc2
Rb4 41. Rd1 Rc4 42. Bb3 Rb4 43. Bc2 d4 44. Be4 a4 45. Ke2 a3 46. Kd2 Bb3 47. Bc2
Bxc2 48. Kxc2 Ra4 49. Rb1 Ra8 50. Rb5 Re8 51. Kd2 Ra8 52. Kc2 Ra4 53. Rb3 Ra8
54. Kd3 Re8 55. Kd2 Re6 56. Rb5 Kf8 57. f4 f5 58. Rb3 Re3 59. Rxe3 dxe3+ 60. Ke2
g6 61. g4 Kf7 62. Kf3 Ke6 63. Ke2 Kd5 64. Kd3 e2 65. Kxe2 Bd4 {White resigns}
0-1

[Event "Team 45 45 League T90"]
[Site "Internet Chess Club"]
[Date "2021.10.22"]
[Round "3"]
[White "filmdirector"]
[Black "Timmah4651"]
[Result "0-1"]
[WhiteElo "1303"]
[BlackElo "1581"]
[Opening "Bishop's opening: Berlin defense"]
[ECO "C24"]
[Time "22:00:09"]
[PlyCount "140"]
[TimeControl "2700+45"]

1. e4 e5 2. Bc4 Nf6 3. d3 c6 4. Nf3 d5 5. exd5 cxd5 6. Bb3 Nc6 7. Nc3 h6 8. h3
Bb4 9. a3 Ba5 10. O-O O-O 11. Nh2 Bb6 12. Kh1 e4 13. dxe4 dxe4 14. Nd5 Bd4 15.
Nxf6+ Qxf6 16. Ng4 Bxg4 17. Qxg4 Bxb2 18. Bxb2 Qxb2 19. Qxe4 Qe5 20. Qxe5 Nxe5
21. Rfe1 Rfe8 22. Re3 Nc6 23. Rae1 Kf8 24. Kg1 Rxe3 25. Rxe3 Re8 26. Rxe8+ Kxe8
27. Kf1 f6 28. Bd5 Kd7 29. Ke1 Kd6 30. Bf3 b6 31. Bxc6 Kxc6 32. Kd2 Kc5 33. Kc3
b5 34. h4 g6 35. g4 h5 36. gxh5 gxh5 37. Kb3 f5 38. Kc3 a5 39. f4 Kd5 40. Kb3
Ke4 41. a4 b4 42. Kc4 Kxf4 43. Kb5 Kg3 44. Kxa5 f4 45. Kxb4 f3 46. a5 f2 47. a6
f1=Q 48. Ka5 Qa1+ 49. Kb6 Qb2+ 50. Kc7 Qxc2+ 51. Kb7 Kxh4 52. a7 Kg3 53. a8=Q
Qe4+ 54. Kb8 Qxa8+ 55. Kxa8 h4 56. Kb7 h3 57. Kc6 h2 58. Kd5 h1=Q+ 59. Kd4 Qe1
60. Kd5 Kf4 61. Kd4 Qd1+ 62. Kc5 Ke5 63. Kc4 Qd4+ 64. Kb3 Qc5 65. Kb2 Kd4 66.
Kb3 Kd3 67. Kb2 Qc8 68. Kb3 Qb8+ 69. Ka4 Kc4 70. Ka5 Qb5# {White checkmated} 0-1

[Event "Team 45 45 League T90"]
[Site "Internet Chess Club"]
[Date "2021.10.24"]
[Round "3"]
[White "CPTsopiens"]
[Black "fileman"]
[Result "0-1"]
[WhiteElo "1791"]
[BlackElo "1796"]
[Opening "KP: Nimzovich defense"]
[ECO "B00"]
[Time "11:09:55"]
[PlyCount "132"]
[TimeControl "2700+45"]

1. e4 Nc6 2. Nf3 d6 3. d4 Nf6 4. Nc3 e6 5. Bf4 Be7 6. d5 exd5 7. exd5 Nb8 8. Qd4
Bf5 9. O-O-O O-O 10. h3 Nbd7 11. g4 Bg6 12. Nh4 Nb6 13. Nxg6 fxg6 14. Bg2 Nxg4
15. Bg3 Nh6 16. Qe4 Qd7 17. h4 Rae8 18. Bh3 Nf5 19. Qg4 Qd8 20. Bg2 Nxg3 21.
fxg3 Bf6 22. Ne4 Qd7 23. Qxd7 Nxd7 24. Rde1 Re5 25. Bh3 Nb6 26. Be6+ Kh8 27. Nc3
c6 28. g4 Rxe1+ 29. Rxe1 Bxh4 30. Rh1 Bg5+ 31. Kd1 Rf4 32. dxc6 bxc6 33. Re1 h5
34. Ne4 Bf6 35. gxh5 gxh5 36. Rh1 g6 37. Nxf6 Rxf6 38. Bb3 d5 39. c3 Kg7 40. Ke2
Kh6 41. Bc2 Nc4 42. b3 Ne5 43. a4 g5 44. Ke3 c5 45. Bd1 g4 46. b4 cxb4 47. cxb4
Kg5 48. Kd4 Nc6+ 49. Kc5 Ne7 50. b5 h4 51. Re1 Nf5 52. a5 g3 53. b6 axb6+ 54.
axb6 Nd6 55. Kxd5 g2 56. Rg1 h3 57. Bf3 Rxf3 58. Kxd6 Kg4 59. Rb1 Rf1 60. Rb4+
Kf5 61. b7 g1=Q 62. Rf4+ Rxf4 63. b8=Q Qd4+ 64. Kc6 Qf6+ 65. Kd5 Rd4+ 66. Kc5
Qe5+ {White resigns} 0-1

[Event "Team 45 45 League T90"]
[Site "Internet Chess Club"]
[Date "2021.10.23"]
[Round "3"]
[White "bobhill"]
[Black "Beetlejuice"]
[Result "1-0"]
[WhiteElo "1827"]
[BlackElo "1717"]
[Opening "Dutch defense"]
[ECO "A84"]
[Time "09:03:39"]
[PlyCount "93"]
[TimeControl "2700+45"]

1. d4 f5 2. c4 Nf6 3. Nf3 e6 4. g3 d5 5. cxd5 exd5 6. Bg2 c6 7. a3 Bd6 8. Nc3
O-O 9. O-O Nbd7 10. Qc2 Ne4 11. Nd2 Ndf6 12. f3 Nxd2 13. Bxd2 Qc7 14. e4 fxe4
15. fxe4 dxe4 16. Nxe4 Nxe4 17. Rxf8+ Bxf8 18. Bxe4 g6 19. Rf1 Be6 20. Bxg6 Qg7
21. Be4 Qxd4+ 22. Kg2 Bd5 23. Bf3 Re8 24. Bc3 Qc4 25. Bxd5+ Qxd5+ 26. Rf3 Re3
27. Qf5 Qxf3+ 28. Qxf3 Rxf3 29. Kxf3 Kf7 30. g4 Be7 31. Ke4 Ke6 32. Bd2 Bf6 33.
b3 a6 34. g5 Be5 35. h4 c5 36. h5 b5 37. g6 hxg6 38. hxg6 Bg7 39. Be3 c4 40.
bxc4 bxc4 41. Bd4 Bxd4 42. Kxd4 Kf6 43. Kxc4 Kxg6 44. Kc5 Kf7 45. Kb6 Ke8 46.
Kxa6 Kd8 47. Kb7 {Black resigns} 1-0

[Event "Team 45 45 League T90"]
[Site "Internet Chess Club"]
[Date "2021.10.24"]
[Round "3"]
[White "Demachaeron"]
[Black "Rookmaster"]
[Result "1-0"]
[WhiteElo "1696"]
[BlackElo "1449"]
[Opening "Sicilian"]
[ECO "B50"]
[Time "19:00:24"]
[PlyCount "101"]
[TimeControl "2700+45"]

1. e4 c5 2. Nf3 d6 3. b3 g6 4. Bb2 Nf6 5. d3 Bg7 6. g3 O-O 7. Bg2 Nc6 8. Nbd2
Bg4 9. h3 Bxf3 10. Bxf3 Qc7 11. Nc4 Rab8 12. a4 Nd7 13. Bxg7 Kxg7 14. Qd2 Nde5
15. Bg2 Nd4 16. Nxe5 dxe5 17. O-O f5 18. exf5 Rxf5 19. Be4 Nf3+ 20. Bxf3 Rxf3
21. Rae1 Rbf8 22. Re3 Qd6 23. Qe2 Rxe3 24. Qxe3 Qd4 25. Qg5 Qd6 26. Re1 Rf5 27.
Qe3 Qd5 28. g4 Rf7 29. Qxe5+ Qxe5 30. Rxe5 b6 31. g5 Kf8 32. Kg2 Ke8 33. Kg3 Kd7
34. c4 e6 35. f4 Kd6 36. Re2 Rf5 37. h4 Kd7 38. Kg4 Kd6 39. Re4 Kd7 40. d4 Kd6
41. h5 a5 42. hxg6 hxg6 43. dxc5+ bxc5 44. Re3 Rf8 45. Rd3+ Kc6 46. Rh3 Rd8 47.
Rh6 Rd1 48. Rxg6 Rg1+ 49. Kf3 Rb1 50. Rxe6+ Kd7 51. Re3 {Black resigns} 1-0

[Event "Team 45 45 League T90"]
[Site "Internet Chess Club"]
[Date "2021.10.22"]
[Round "3"]
[White "BrianWood"]
[Black "rookmaster23"]
[Result "1/2-1/2"]
[WhiteElo "1543"]
[BlackElo "1651"]
[Opening "Grünfeld: Russian, Alekhine (Hungarian) variation"]
[ECO "D97"]
[Time "19:30:58"]
[PlyCount "27"]
[TimeControl "2700+45"]

1. d4 Nf6 2. c4 g6 3. Nc3 d5 4. Nf3 Bg7 5. Qb3 dxc4 6. Qxc4 O-O 7. e4 a6 8. e5
b5 9. Qb3 Nfd7 10. e6 fxe6 11. Be3 c5 12. dxc5 Ne5 13. Nxe5 Bxe5 14. a4 {Game
drawn by mutual agreement} 1/2-1/2

[Event "Team 45 45 League T90"]
[Site "Internet Chess Club"]
[Date "2021.10.24"]
[Round "3"]
[White "Sloggi"]
[Black "zugknightly"]
[Result "1/2-1/2"]
[WhiteElo "1935"]
[BlackElo "1925"]
[Opening "Trompowsky attack (Ruth, Opocenský opening)"]
[ECO "A45"]
[Time "22:03:45"]
[PlyCount "97"]
[TimeControl "2700+45"]

1. d4 Nf6 2. Bg5 Ne4 3. h4 c5 4. d5 Qb6 5. Nd2 Nxd2 6. Bxd2 e5 7. Rb1 Qc7 8. e4
a6 9. a4 g6 10. h5 d6 11. hxg6 fxg6 12. Be2 Nd7 13. Bg4 Nf6 14. Bxc8 Rxc8 15. f3
Bg7 16. Ne2 b6 17. Qc1 O-O 18. Bg5 Qf7 19. Qe3 b5 20. axb5 axb5 21. Ra1 Ra8 22.
O-O b4 23. Qd3 Qb7 24. Qc4 Rfb8 25. Rxa8 Rxa8 26. f4 Ng4 27. f5 Bh6 28. Bxh6
Nxh6 29. Ng3 Rf8 30. fxg6 Rxf1+ 31. Qxf1 hxg6 32. Qf6 Qf7 33. Qg5 Kh7 34. Ne2
Qd7 35. g3 Qa7 36. Kg2 Kg7 37. Kf3 Qa1 38. Qc1 Qxc1 39. Nxc1 Kf6 40. Nb3 Nf7 41.
Nd2 Kg5 42. Nc4 Kh5 43. c3 bxc3 44. bxc3 Kg5 45. Ne3 Kf6 46. Nc4 Kg5 47. Nb6 Kf6
48. Nc4 Kg5 49. Ne3 {Game drawn by mutual agreement} 1/2-1/2

[Event "Team 45 45 League T90"]
[Site "Internet Chess Club"]
[Date "2021.10.24"]
[Round "3"]
[White "Ajolote"]
[Black "room-matt"]
[Result "1-0"]
[WhiteElo "1962"]
[BlackElo "1801"]
[Opening "Ruy Lopez: Bird's defense"]
[ECO "C61"]
[Time "14:21:24"]
[PlyCount "59"]
[TimeControl "2700+45"]

1. e4 e5 2. Nf3 Nc6 3. Bb5 Nd4 4. Nxd4 exd4 5. d3 c6 6. Bc4 Bc5 7. Bxf7+ Kf8 8.
Bb3 d6 9. O-O Nf6 10. Bf4 h6 11. Nd2 g5 12. Bg3 Kg7 13. e5 dxe5 14. Bxe5 Be7 15.
Qh5 Rf8 16. Ne4 Bf5 17. Nxg5 hxg5 18. Qxg5+ Bg6 19. f4 Kh7 20. f5 Be8 21. Bf4
Kh8 22. Rae1 Bf7 23. Rf3 Nh7 24. Qxe7 Qxe7 25. Rxe7 Bxb3 26. Be5+ Nf6 27. axb3
Rad8 28. Rh3+ Kg8 29. Rg3+ Kh8 30. Rgg7 {Black resigns} 1-0

[Event "Team 45 45 League T90"]
[Site "Internet Chess Club"]
[Date "2021.10.24"]
[Round "3"]
[White "cadmiumorange"]
[Black "hipopotamos"]
[Result "0-1"]
[WhiteElo "1740"]
[BlackElo "1737"]
[Opening "French: Albin-Alekhine-Châtard attack"]
[ECO "C13"]
[Time "14:00:30"]
[PlyCount "92"]
[TimeControl "2700+45"]

1. d4 d5 2. Nc3 Nf6 3. Bg5 e6 4. e4 Be7 5. e5 Nfd7 6. h4 Bxg5 7. hxg5 Qxg5 8.
Qd3 h6 9. Nh3 Qe7 10. Nf4 c5 11. Nb5 Na6 12. Nd6+ Kd8 13. c3 g5 14. Ne2 f6 15.
Qg6 Rf8 16. Rxh6 fxe5 17. Qxe6 Qxe6 18. Rxe6 cxd4 19. cxd4 Ndc5 20. Rxe5 Nd3+
21. Kd2 Nxe5 22. dxe5 Rxf2 23. Ke3 Rf8 24. Nd4 Nc5 25. Rc1 Bd7 26. Rxc5 Rxf1 27.
Nxb7+ Ke7 28. Rc7 Rc8 29. Nc6+ Kf8 30. Rxd7 Rxc6 31. Nd6 Rc2 32. Rxa7 Re1+ 33.
Kd4 Rd2+ 34. Kc3 Rxg2 35. a4 Rxe5 36. a5 Rg1 37. b4 Re6 38. Nf5 Rf6 39. Nd4 Rg3+
40. Kd2 Rf2+ 41. Ke1 Rb2 42. Ne6+ Ke8 43. Ng7+ Kd8 44. Ne6+ Kc8 45. Kf1 Rh3 46.
Kg1 Re3 {White resigns} 0-1

[Event "Team 45 45 League T90"]
[Site "Internet Chess Club"]
[Date "2021.10.25"]
[Round "3"]
[White "ascoli"]
[Black "fhunfi"]
[Result "0-1"]
[WhiteElo "1575"]
[BlackElo "1762"]
[Opening "French: King's Indian attack"]
[ECO "C00"]
[Time "10:00:36"]
[PlyCount "80"]
[TimeControl "2700+45"]

1. e4 e6 2. d3 d5 3. Nd2 Nf6 4. g3 c5 5. Bg2 Nc6 6. Ngf3 Be7 7. O-O b6 8. Re1
Bb7 9. Nf1 dxe4 10. dxe4 Qxd1 11. Rxd1 Nxe4 12. Bf4 Rd8 13. Rxd8+ Kxd8 14. Rd1+
Kc8 15. Ne5 Nxe5 16. Bxe5 f6 17. Bf4 e5 18. Bh3+ Kb8 19. Be3 Rd8 20. Rxd8+ Bxd8
21. Bd2 Nxd2 22. Nxd2 Be7 23. c4 Kc7 24. f3 Bc6 25. Be6 Bd7 26. Bxd7 Kxd7 27. g4
g6 28. h3 f5 29. Kf2 Bg5 30. Ke2 Bxd2 31. Kxd2 h6 32. Ke3 Ke6 33. h4 e4 34. h5
gxh5 35. gxh5 exf3 36. Kxf3 Ke5 37. Ke3 f4+ 38. Kf3 Kf5 39. b3 a6 40. a3 a5
{White resigns} 0-1

[Event "Team 45 45 League T90"]
[Site "Internet Chess Club"]
[Date "2021.10.23"]
[Round "3"]
[White "achessman"]
[Black "primerpaso"]
[Result "0-1"]
[WhiteElo "1848"]
[BlackElo "1937"]
[Opening "English: Neo-Catalan"]
[ECO "A13"]
[Time "08:21:22"]
[PlyCount "86"]
[TimeControl "2700+45"]

1. Nf3 Nf6 2. c4 e6 3. g3 d5 4. b3 Be7 5. Bg2 O-O 6. O-O b6 7. Bb2 c5 8. e3 Bb7
9. Qe2 dxc4 10. bxc4 Nc6 11. Rd1 Qc7 12. Nc3 Rac8 13. Rac1 Rfd8 14. d4 Qb8 15.
d5 exd5 16. cxd5 Nb4 17. e4 Ba6 18. Qd2 Nd3 19. Rb1 Ng4 20. Bh3 Ndxf2 21. Bxg4
Nxg4 22. Re1 Bf6 23. Rbd1 Ne5 24. Nxe5 Bxe5 25. Ne2 Bxe2 26. Rxe2 f6 27. Bxe5
Qxe5 28. Qf4 Re8 29. d6 Rcd8 30. Rd5 Qe6 31. Kf2 Rd7 32. Kf3 f5 33. Rxf5 Qxd6
34. e5 Qd5+ 35. Kf2 Rde7 36. e6 Qxf5 37. Qxf5 Rf8 38. Qxf8+ Kxf8 39. Kf3 Rc7 40.
Ke4 Ke7 41. Kd5 c4 42. Rc2 Rc5+ 43. Kd4 Kxe6 {White resigns} 0-1

[Event "Team 45 45 League T90"]
[Site "Internet Chess Club"]
[Date "2021.10.23"]
[Round "3"]
[White "fishhead"]
[Black "ElValero"]
[Result "0-1"]
[WhiteElo "1746"]
[BlackElo "1666"]
[Opening "French: Winawer, advance variation"]
[ECO "C16"]
[Time "14:00:19"]
[PlyCount "101"]
[TimeControl "2700+45"]

1. e4 e6 2. d4 d5 3. Nc3 Bb4 4. e5 b6 5. Qg4 Bf8 6. Nf3 Qd7 7. Be2 Ne7 8. O-O h5
9. Qh3 Ng6 10. Ng5 Ba6 11. f4 Bxe2 12. Nxe2 Ne7 13. g4 f5 14. exf6 gxf6 15. Nf3
Nbc6 16. g5 Bg7 17. c3 O-O-O 18. Bd2 h4 19. Rae1 Nf5 20. Rf2 Rhg8 21. Rg2 Kb7
22. Nc1 Rde8 23. Nd3 Nd6 24. Rg4 fxg5 25. Nxg5 Nf5 26. Nf3 Bf6 27. Nde5 Nxe5 28.
fxe5 Bd8 29. Kf2 Ref8 30. Rxg8 Rxg8 31. b3 Rg6 32. Rg1 Rxg1 33. Kxg1 Qf7 34. Qg4
Be7 35. Kg2 c5 36. Kh3 Qh7 37. Bg5 Bxg5 38. Qxg5 cxd4 39. cxd4 Nxd4 40. Nxh4 Nf5
41. Qf6 Qxh4+ 42. Qxh4 Nxh4 43. Kxh4 Kc6 44. Kg5 Kd7 45. h4 Ke7 46. Kg6 Kf8 47.
h5 d4 48. h6 Kg8 49. h7+ Kh8 50. Kf7 d3 51. Ke7 {White resigns} 0-1

[Event "Team 45 45 League T90"]
[Site "Internet Chess Club"]
[Date "2021.10.23"]
[Round "3"]
[White "QuieroAprender"]
[Black "Portola"]
[Result "0-1"]
[WhiteElo "1604"]
[BlackElo "1759"]
[Opening "Queen's pawn, Mason variation"]
[ECO "D00"]
[Time "21:01:54"]
[PlyCount "38"]
[TimeControl "2700+45"]

1. d4 d5 2. Bf4 c6 3. Nf3 Bf5 4. e3 e6 5. c3 Nf6 6. Nbd2 h6 7. Bg3 Be7 8. Qb3
Qc8 9. Ne5 Nbd7 10. Ndf3 O-O 11. Nxd7 Nxd7 12. Ne5 Nxe5 13. Bxe5 c5 14. f3 c4
15. Qd1 Qc6 16. g4 Bg6 17. h4 Qb6 18. Qd2 Qd8 19. Bf4 Bxh4+ {White resigns} 0-1

[Event "Team 45 45 League T90"]
[Site "Internet Chess Club"]
[Date "2021.10.21"]
[Round "3"]
[White "elmaestro"]
[Black "ascoli"]
[Result "1-0"]
[WhiteElo "1631"]
[BlackElo "1584"]
[Opening "English: symmetrical, Rubinstein system"]
[ECO "A30"]
[Time "14:06:49"]
[PlyCount "59"]
[TimeControl "2700+45"]

1. c4 c5 2. g3 Nf6 3. Bg2 d5 4. cxd5 Nxd5 5. Nc3 Nc7 6. Nf3 Nc6 7. O-O e5 8. d3
Be7 9. a3 O-O 10. Bd2 Be6 11. Ne4 Qd7 12. Re1 Rfd8 13. Qc1 b6 14. Neg5 Bxg5 15.
Nxg5 Bd5 16. Nf3 Rac8 17. Qb1 Ne6 18. b4 Ncd4 19. Nxe5 Qb7 20. e4 Bb3 21. Be3
Bc2 22. Qb2 f6 23. Bxd4 Nxd4 24. Nf3 Bxd3 25. bxc5 Rxc5 26. Nxd4 Qd7 27. Nf5 Rc2
28. Qb3+ Kh8 29. Rad1 Qc7 30. Rxd3 {Black resigns} 1-0

[Event "Team 45 45 League T90"]
[Site "Internet Chess Club"]
[Date "2021.10.24"]
[Round "3"]
[White "Electryon"]
[Black "AlWynJones"]
[Result "1-0"]
[WhiteElo "1440"]
[BlackElo "1281"]
[Opening "English opening"]
[ECO "A20"]
[Time "15:00:38"]
[PlyCount "61"]
[TimeControl "2700+45"]

1. c4 e5 2. g3 c5 3. Bg2 Nc6 4. Nc3 Nf6 5. e3 Be7 6. Nge2 d6 7. O-O Be6 8. Nd5
O-O 9. d4 Qd7 10. Nxf6+ Bxf6 11. d5 Bxd5 12. Qxd5 Nb4 13. Qxb7 Qf5 14. Qe4 Qh5
15. Nc3 Bg5 16. a3 Na6 17. Qc6 f5 18. Qxa6 Rab8 19. Qxd6 f4 20. Qxe5 f3 21. Bxf3
Qxf3 22. Qxg5 Rf5 23. Qe7 Rb6 24. Qe4 Qh5 25. Qh4 Qf3 26. e4 Rff6 27. Bg5 Rf7
28. Rad1 Rxb2 29. Rd8+ Rf8 30. Rxf8+ Kxf8 31. Qf4+ {Black resigns} 1-0

[Event "Team 45 45 League T90"]
[Site "Internet Chess Club"]
[Date "2021.10.20"]
[Round "3"]
[White "trogers41"]
[Black "tryanything"]
[Result "1-0"]
[WhiteElo "1353"]
[BlackElo "1458"]
[Opening "Ruy Lopez: Schliemann defense"]
[ECO "C63"]
[Time "18:54:01"]
[PlyCount "81"]
[TimeControl "2700+45"]

1. e4 e5 2. Nf3 Nc6 3. Bb5 f5 4. d3 fxe4 5. dxe4 Nf6 6. O-O Bc5 7. Nc3 O-O 8.
Bg5 d6 9. Nd5 Nd4 10. Bc4 Kh8 11. Nxf6 gxf6 12. Bh6 Bg4 13. Kh1 Rg8 14. Bxg8
Qxg8 15. Qd3 Qg6 16. Nxd4 Bxd4 17. c3 Bb6 18. Be3 Rg8 19. Rg1 d5 20. Bxb6 dxe4
21. Qe3 axb6 22. f3 Bd7 23. Qxe4 Bc6 24. Qxg6 Rxg6 25. Rad1 h5 26. h4 e4 27.
fxe4 Bxe4 28. Kh2 c5 29. g3 f5 30. a3 Kg7 31. Rd7+ Kf8 32. Rgd1 Bc6 33. R7d6
Rxd6 34. Rxd6 Ke7 35. Rh6 Bf3 36. Rxb6 Kd7 37. Kg1 Kc7 38. Rf6 Bg4 39. Kf2 b5
40. Ke3 Kd7 41. Kf4 {Black resigns} 1-0

[Event "Team 45 45 League T90"]
[Site "Internet Chess Club"]
[Date "2021.10.23"]
[Round "3"]
[White "clarinetref"]
[Black "seldredg"]
[Result "1-0"]
[WhiteElo "1456"]
[BlackElo "1368"]
[Opening "Pirc defense"]
[ECO "B07"]
[Time "19:04:45"]
[PlyCount "51"]
[TimeControl "2700+45"]

1. e4 d6 2. d4 Nf6 3. Nc3 Nbd7 4. g3 e5 5. Nge2 Be7 6. Bg2 c6 7. h3 Qc7 8. Be3
h6 9. O-O g5 10. dxe5 dxe5 11. f4 g4 12. h4 Bc5 13. Qd2 Bxe3+ 14. Qxe3 b6 15.
fxe5 Qxe5 16. Rf5 Qc7 17. e5 Nd5 18. Nxd5 cxd5 19. Bxd5 Bb7 20. Bxf7+ Ke7 21.
Nd4 Raf8 22. e6 Nc5 23. Re1 Be4 24. Rf4 Bd5 25. Nf5+ Kf6 26. Qd4+ {Black
resigns} 1-0

[Event "Team 45 45 League T90"]
[Site "Internet Chess Club"]
[Date "2021.10.22"]
[Round "3"]
[White "Redman1"]
[Black "Portola"]
[Result "1/2-1/2"]
[WhiteElo "1607"]
[BlackElo "1749"]
[Opening "QGD: Orthodox defense, Rubinstein attack (with Rc1)"]
[ECO "D64"]
[Time "09:03:02"]
[PlyCount "47"]
[TimeControl "2700+45"]

1. c4 e6 2. Nf3 d5 3. d4 Nf6 4. Nc3 Be7 5. Bg5 O-O 6. e3 Nbd7 7. Rc1 c6 8. Qc2
dxc4 9. Bxc4 b6 10. O-O Bb7 11. Qe2 Nd5 12. Bxe7 Qxe7 13. e4 Nxc3 14. Rxc3 Nf6
15. Bd3 Rac8 16. Rfc1 Rfd8 17. Ne5 Rxd4 18. Nxc6 Bxc6 19. Rxc6 Rxc6 20. Rxc6 Qd7
21. Qc2 Rxd3 22. Rc8+ Ne8 23. Rxe8+ Qxe8 24. Qxd3 {Game drawn by mutual
agreement} 1/2-1/2

[Event "Team 45 45 League T90"]
[Site "Internet Chess Club"]
[Date "2021.10.20"]
[Round "3"]
[White "marioseixas1992"]
[Black "Chess4Him"]
[Result "1-0"]
[WhiteElo "1427"]
[BlackElo "1488"]
[Opening "Modern defense: Averbakh system"]
[ECO "B06"]
[Time "21:02:37"]
[PlyCount "61"]
[TimeControl "2700+45"]

1. e4 g6 2. d4 Bg7 3. c4 d6 4. Nc3 Nd7 5. f4 e6 6. Nf3 Ne7 7. Bd3 b6 8. Be3 Bb7
9. O-O O-O 10. Qd2 c5 11. d5 exd5 12. cxd5 Nf6 13. Rad1 Ng4 14. Bf2 Nxf2 15.
Rxf2 a6 16. a4 Qd7 17. f5 Rac8 18. Ng5 Bd4 19. f6 c4 20. Bc2 Bxf2+ 21. Qxf2 h6
22. Qh4 h5 23. h3 Kh8 24. g4 Ng8 25. gxh5 Nxf6 26. hxg6+ Kg7 27. gxf7 Rh8 28.
Qg3 Rh6 29. Ne6+ Kxf7 30. Qg7+ Ke8 31. Qf8# {Black checkmated} 1-0

[Event "Team 45 45 League T90"]
[Site "Internet Chess Club"]
[Date "2021.10.21"]
[Round "3"]
[White "Constrictor"]
[Black "nosir"]
[Result "1/2-1/2"]
[WhiteElo "1487"]
[BlackElo "1433"]
[Opening "Old Indian: main line"]
[ECO "A55"]
[Time "17:01:15"]
[PlyCount "111"]
[TimeControl "2700+45"]

1. Nf3 d6 2. d4 Nf6 3. c4 Nbd7 4. Nc3 e5 5. e4 c6 6. Bg5 Be7 7. Qc2 Qa5 8. Bd2
Qc7 9. Be2 h6 10. O-O Nf8 11. Rac1 Bg4 12. d5 Ng6 13. h3 Bd7 14. Rfd1 Nh5 15.
Nxe5 Nxe5 16. Bxh5 Nxc4 17. Bf4 Bg5 18. Ne2 Bxf4 19. Nxf4 Ne5 20. Nd3 Nxd3 21.
Qxd3 c5 22. Qb3 O-O 23. Rd3 g6 24. Rg3 Kh7 25. Qc3 Rg8 26. Be2 Rae8 27. Qf6 Rg7
28. Bd3 Qb6 29. Kh2 Reg8 30. f4 Be8 31. e5 Bd7 32. Qe7 f5 33. Qf6 Qxb2 34. Rb1
Qxa2 35. Rxb7 Qxd5 36. Rxa7 dxe5 37. fxe5 Qe6 38. Qxe6 Bxe6 39. Ra6 Re8 40. Rc6
f4 41. Bxg6+ Rxg6 42. Rc7+ Bf7 43. Rxf7+ Kg8 44. Rxg6+ Kxf7 45. Rf6+ Kg7 46.
Rxf4 Rxe5 47. Rc4 Kf6 48. g4 Kg5 49. Kg3 Re3+ 50. Kg2 Re5 51. Kg3 Re3+ 52. Kg2
Re5 53. Kg3 Re3+ 54. Kg2 Re5 55. Kg3 Re3+ 56. Kg2 {Game drawn by repetition}
1/2-1/2

[Event "Team 45 45 League T90"]
[Site "Internet Chess Club"]
[Date "2021.10.23"]
[Round "3"]
[White "g8wrb"]
[Black "BrerRabbit"]
[Result "1-0"]
[WhiteElo "1280"]
[BlackElo "1339"]
[Opening "Sicilian: Alapin's variation (2.c3)"]
[ECO "B22"]
[Time "15:09:42"]
[PlyCount "65"]
[TimeControl "2700+45"]

1. e4 c5 2. c3 e6 3. d4 d5 4. Nd2 dxe4 5. Nxe4 cxd4 6. cxd4 Qa5+ 7. Bd2 Qd5 8.
Qc2 Nc6 9. Nf3 Be7 10. Qd3 Nf6 11. Nc3 Qd8 12. Be2 Nd5 13. Nxd5 Qxd5 14. O-O O-O
15. a3 Bf6 16. Bc3 b6 17. Rac1 Bb7 18. Rfd1 Rfd8 19. Qc4 Qxc4 20. Bxc4 Ne7 21.
h3 Bd5 22. Ba6 Rab8 23. Bb5 Bc6 24. Bxc6 Nxc6 25. b4 b5 26. Bb2 Rbc8 27. g4 Ne7
28. g5 Rxc1 29. Rxc1 Bxg5 30. Nxg5 Nf5 31. Nf3 Nd6 32. Rc7 Nc4 33. Bc1 {Black
resigns} 1-0

[Event "Team 45 45 League T90"]
[Site "Internet Chess Club"]
[Date "2021.10.27"]
[Round "3"]
[White "QuieroAprender"]
[Black "MrAbendroth"]
[Result "1/2-1/2"]
[WhiteElo "1607"]
[BlackElo "1678"]
[Opening "Alekhine's defense: Scandinavian variation"]
[ECO "B02"]
[Time "14:00:28"]
[PlyCount "59"]
[TimeControl "2700+45"]

1. e4 Nf6 2. Nc3 d5 3. exd5 Nxd5 4. Bc4 c6 5. Nf3 Bg4 6. h3 Be6 7. Ng5 Nxc3 8.
Nxe6 fxe6 9. bxc3 Qd6 10. Qe2 e5 11. a4 Nd7 12. Ba3 Qf6 13. Rb1 b6 14. O-O e6
15. Bxf8 Rxf8 16. Qh5+ g6 17. Qg4 Ke7 18. d4 Qf5 19. Qe2 Rf6 20. Bd3 Qf4 21. g3
Qf3 22. Qe1 Qd5 23. Be4 Qd6 24. Rd1 Qc7 25. Bg2 Raf8 26. Qe4 c5 27. d5 exd5 28.
Rxd5 Rf5 29. Qh4+ Nf6 30. Rd2 {Game drawn by mutual agreement} 1/2-1/2